 Dungeon Crawl Stone Soup version 0.31-a0-845-g9abc20d24f (webtiles) character file.

Game seed: 6839299215767072084

1177 Dirtsage the Cleaver (level 8, -1/58 HPs)
             Began as a Demonspawn Berserker on Oct 1, 2023.
             Was an Elder of Trog.
             Killed by divine providence
             ... invoked by an orc priest
              (11 damage)
             ... on level 5 of the Dungeon.
             The game lasted 00:05:44 (3968 turns).

Dirtsage the Cleaver (Demonspawn Berserker)         Turns: 3968, Time: 00:05:45

Health: -1/58      AC:  9    Str: 20    XL:     8   Next: 18%
Magic:  8/8        EV: 10    Int:  9    God:    Trog [****..]
Gold:   254        SH:  7    Dex: 12    Spells: 7/7 levels left

rFire   . . .        o - +0 war axe
rCold   . . .        j - +0 buckler
rNeg    . . .        c - +0 ring mail
rPois   .            g - +0 helmet
rElec   .            l - +0 cloak
rCorr   .            (gloves unavailable)
SInv    .            (no boots)
Will    .....        (no amulet)
Stlth   +            (no ring)
HPRegen 0.29/turn    (no ring)
MPRegen 0.11/turn

%: no passive effects
@: on berserk cooldown, slowed, very slow
A: icy blue scales 1, condensation shield, demonic touch 3
a: Renounce Religion, Berserk, Trog's Hand, Brothers in Arms


You were on level 5 of the Dungeon.
You worshipped Trog.
Trog was greatly pleased with you.
You visited 1 branch of the dungeon, and saw 5 of its levels.
You also visited: Sewer.

You collected 254 gold pieces.

Inventory:

Hand Weapons
 a - a +0 hand axe
 o - a +0 war axe (weapon)
Armour
 b - a +0 animal skin
 c - a +0 ring mail (worn)
 g - a +0 helmet (worn)
 j - a +0 buckler (worn)
 l - a +0 cloak (worn)
Jewellery
 p - a ring of fire
Wands
 i - a wand of paralysis (7)
Scrolls
 d - a scroll of noise {unknown}
 f - 10 scrolls of identify {unknown}
 k - a scroll of blinking {unknown}
 n - 2 scrolls of immolation {unknown}
 t - a scroll of summoning {unknown}
 u - a scroll of fear {unknown}
 v - a scroll of enchant armour {unknown}
Potions
 e - 4 potions of might {unknown}
 h - 2 potions of invisibility {unknown}
 m - 3 potions of heal wounds {unknown}
 q - 4 potions of enlightenment
 r - a potion of haste {unknown}
 s - a potion of mutation
 w - a potion of curing {unknown}


   Skills:
 - Level 3.0 Fighting
 + Level 9.4 Axes
 - Level 1.7 Armour
 - Level 1.7 Dodging


You had 7 spell levels left.
You didn't know any spells.
Your spell library contained the following spells:

 Spells                   Type           Power      Damage    Failure   Level
 Apportation              Tloc           0%         N/A       65%         1
 Cigotuvi's Dreadful Rot  Necr/Pois/Air  0%         N/A       78%         2
 Jinxbite                 Hex            0%         N/A       78%         2
 Dispel Undead            Necr           0%         3d6       100%        4
 Alistair's Intoxication  Tmut/Pois      0%         N/A       100%        5
 Death Channel            Necr           0%         N/A       100%        6


Dungeon Overview and Level Annotations

Branches:
Dungeon (5/15)              Sewer (visited)
 Temple: D:4-7

Altars:
Cheibriados


Innate Abilities, Weirdness & Mutations

You are partially covered in icy blue scales. (AC +2)
A meltable shield of frost defends you. (SH +4)
Your touch may irresistibly damage your foes and sap their willpower.


Message History

You slash the orc priest!
The orc priest is heavily wounded.
You hit the hound. You block the hound's attack.
You block the orc priest's attack. The hound barely misses you.
You barely miss the orc priest.
The orc priest is heavily wounded.
You miss the hound. You closely miss the orc priest.
The hound bites you but does no damage.
The orc priest calls upon Beogh to heal the orc priest.
The orc priest is healed somewhat.
The orc priest barely misses you. The hound bites you but does no damage.
The orc priest calls upon Beogh to heal the orc priest.
The orc priest's wounds heal themselves!
The orc priest hits you but does no damage.
You hit the orc priest.
The orc priest is moderately wounded.
You closely miss the orc priest. You barely miss the hound.
You block the hound's attack. The hound bites you.
The orc priest casts a cantrip, but nothing happens.
The orc priest closely misses you. You block the hound's attack.
You take 2 damage, and have 27/58 hp.
You barely miss the orc priest.
The orc priest is moderately wounded.
You closely miss the hound. You slash the orc priest! The hound bites you.
You block the orc priest's attack. The orc priest closely misses you.
The hound barely misses you.
The orc priest hits you with a +0 hand axe.
The orc priest invokes the aid of Beogh against you.
Pain shoots through your body!
* * * LOW HITPOINT WARNING * * *
You take 18 damage, and have 9/58 hp.
MASSIVE DAMAGE!!
You hit the orc priest.
The orc priest is severely wounded.
You closely miss the hound. You barely miss the orc priest.
You block the hound's attack. x2
The orc priest calls upon Beogh to heal the orc priest.
The orc priest is healed somewhat.
The orc priest invokes the aid of Beogh against you.
Beogh smites you!
You die...

#....# ###.........##...
...... #...........#..##
#.....##......†.#....###
................##..# #
#..#.....).......#.# #
##....†.........# #
##....)..........# #
..##.....h.♣♣.~.♣♣..# ..
........@o...~~~. ...
... ........#o..~~⌠~~.
.. .#. ..##.........~~~.
< ..........♣♣.~.♣
............ ....
............. ...
.#............
#.##..........


You could see a hound and 2 orc priests.

Vanquished Creatures
  Pikel (D:5)
  A phantom (D:4)
  A lemure (D:5)
  A scorpion (D:5)
  2 hounds
  2 orc priests
  Crazy Yiuf (D:2)
  A jelly (D:5)
  A sleepcap (D:5)
  4 iguanas
  An orc wizard (D:4)
  Robin (D:2)
  11 adders
  4 river rats (Sewer)
  An ufetubus (D:5)
  3 worms
  2 dart slugs
  15 orcs
  11 ball pythons
  2 endoplasms
  10 giant cockroaches
  6 hobgoblins
  10 jackals
  4 kobolds
  2 quokkas (Sewer)
  10 bats
  6 frilled lizards
  9 goblins
  5 rats
128 creatures vanquished.

Notes
Turn   | Place    | Note
-------+----------+-------------------------------------------
     0 | D:1      | Dirtsage the Demonspawn Berserker began the quest for the
                  | Orb.
     0 | D:1      | Reached XP level 1. HP: 18/18 MP: 1/1
    67 | D:1      | Reached skill level 3 in Axes
   174 | D:1      | Gained mutation: You are partially covered in icy blue
                  | scales. (AC +2) [demonic ancestry]
   174 | D:1      | Reached XP level 2. HP: 19/24 MP: 2/2
   896 | D:2      | Noticed Robin
   907 | D:2      | Gained mutation: A meltable shield of frost defends you.
                  | (SH +4) [demonic ancestry]
   907 | D:2      | Reached XP level 3. HP: 21/28 MP: 3/3
   908 | D:2      | Killed Robin
   909 | D:2      | Reached skill level 4 in Axes
  1135 | D:2      | Reached ** piety under Trog
  1451 | D:2      | Reached XP level 4. HP: 35/35 MP: 4/4
  1500 | D:2      | Found a runed translucent door.
  1501 | D:2      | Noticed Crazy Yiuf
  1511 | D:2      | Killed Crazy Yiuf
  1665 | D:3      | Found a snail-covered altar of Cheibriados.
  1740 | D:3      | Reached skill level 5 in Axes
  2009 | D:3      | Reached XP level 5. HP: 38/41 MP: 5/5
  2542 | D:4      | Reached skill level 6 in Axes
  2579 | D:4      | Gained mutation: Your touch may inflict minor irresistible
                  | damage on your foes. [demonic ancestry]
  2579 | D:4      | Reached XP level 6. HP: 28/47 MP: 6/6
  2842 | D:4      | Reached *** piety under Trog
  2847 | D:4      | Found a glowing drain.
  2860 | Sewer    | Entered a sewer
  3103 | Sewer    | Reached skill level 7 in Axes
  3584 | D:4      | Gained mutation: Your touch may inflict irresistible damage
                  | on your foes. [demonic ancestry]
  3584 | D:4      | Reached XP level 7. HP: 39/52 MP: 7/7
  3765 | D:5      | Entered Level 5 of the Dungeon
  3765 | D:5      | Noticed Pikel
  3775 | D:5      | Killed Pikel
  3776 | D:5      | Reached skill level 8 in Axes
  3821 | D:5      | Reached skill level 9 in Axes
  3821 | D:5      | Gained mutation: Your touch may irresistibly damage your
                  | foes and sap their willpower. [demonic ancestry]
  3821 | D:5      | Reached XP level 8. HP: 55/58 MP: 8/8
  3897 | D:5      | Reached **** piety under Trog
  3968 | D:5      | Killed from afar by an orc priest

Illustrated notes

Levels and vault maps discovered:
D:1:      ncdulo_lavacross, layout_basic, dk_noncrumbling_2,
          minmay_misc_feat_hallway
D:2:      layout_loops_ring, serial_glass, glass_columns_a, glass_columns_a,
          basic_altar, uniq_crazy_yiuf_cottage, uniq_robin
D:3:      layout_basic, kennysheep_slug_shrine
D:4:      layout_gridville, portal_sewer_entry_a
D:5:      layout_cave_pools, serial_park, serial_park_tiny_pond,
          serial_park_square1 [serial_park_minivault_5x5_2], serial_park_square3
          [serial_park_minivault_5x5_2], serial_park_tiny_pond,
          serial_park_square3 [serial_park_minivault_5x5_4], uniq_eustachio,
          uniq_blork_the_orc, uniq_pikel

Skill      XL: |  1  2  3  4  5  6  7 |
---------------+----------------------+-----
Axes           | 3 4 5 6 7 9 |  9.4
Fighting       | |  3.0
Armour         | |  1.7
Dodging        | |  1.7

Action                     |  1- 3 |  4- 6 |  7- 9 || total
---------------------------+-------+-------+-------++-------
  Melee: Hand axe          |    95 |    74 |       ||   169
         War axe           |       |   212 |    47 ||   259
 Invoke: Berserk           |     2 |     3 |     2 ||     7
 Armour: Animal skin       |     9 |       |       ||     9
         Ring mail         |    62 |   180 |    41 ||   283
  Dodge: Dodged            |    67 |   156 |    22 ||   245
  Block: Buckler           |     6 |   125 |    23 ||   154
         Other             |     3 |       |       ||     3

Table legend: (Time is in decaauts)
 A = Elapsed time spent in this place.
 B = Non-inter-level travel time spent in this place.
 C = Inter-level travel time spent in this place.
 D = Time resting spent in this place.
 E = Time spent auto-exploring this place.
 F = Levels seen in this place.
 G = Mean time per level.
                   A        B        C        D        E       F      G
               +--------+--------+--------+--------+--------+-----+--------+
         Total |   4241 |   4181 |     60 |     84 |   2940 |   6 |  706.8 |
       Dungeon |   3352 |   3292 |     60 |     58 |   2417 |   5 |  670.4 |
         Sewer |    889 |    889 |      0 |     26 |    523 |   1 |  889.0 |
               +--------+--------+--------+--------+--------+-----+--------+

Top non-repeatable levels by time:
     D:1: 901 daAuts
   Sewer: 889 daAuts
     D:3: 861 daAuts
     D:2: 760 daAuts
     D:4: 615 daAuts
     D:5: 213 daAuts
